 Dungeon Crawl Stone Soup version 0.28.0-43-g3370ac3207 (webtiles) character file.

Game seed: 3536829093971794844

602 Peloso the Slasher (level 7, -3/61 HPs)
             Began as a Minotaur Fighter on Mar 22, 2022.
             Slain by Duvessa
             ... wielding a +2 short sword of venom
              (8 damage)
             ... on level 5 of the Dungeon.
             The game lasted 00:06:10 (4077 turns).

Peloso the Slasher (Minotaur Fighter)               Turns: 4077, Time: 00:06:11

Health: -3/61      AC: 11    Str: 20    XL:     7   Next: 18%
Magic:  6/6        EV:  7    Int:  5    God:
Gold:   168        SH:  5    Dex: 12    Spells: 6/6 levels left

rFire   . . .      SeeInvis .   a - +0 long sword
rCold   . . .      Faith    .   c - +0 buckler
rNeg    . . .      Spirit   .   h - +0 chain mail
rPois   .          Reflect  .   (helmet restricted)
rElec   .          Harm     .   (no cloak)
rCorr   .          Rampage  .   (no gloves)
Will    .....                   m - +0 pair of boots
Stlth   ..........              (no amulet)
HPRegen 0.20/turn               (no ring)
MPRegen 0.10/turn               (no ring)

@: lethally poisoned (-3 -> -11), lit by a corona, glowing
A: horns 2, retaliatory headbutt
a: no special abilities


You were on level 5 of the Dungeon.
You visited 1 branch of the dungeon, and saw 5 of its levels.

You collected 168 gold pieces.

Inventory:

Hand Weapons
 a - a +0 long sword (weapon)
Armour
 b - a +0 scale mail
 c - a +0 buckler (worn)
 h - a +0 chain mail (worn)
 m - a +0 pair of boots (worn)
Jewellery
 s - a ring of fire
Wands
 p - a wand of digging (3)
Scrolls
 e - 2 scrolls of teleportation
 i - a scroll of blinking {unknown}
 j - 2 scrolls of noise {unknown}
 k - a scroll of immolation {unknown}
 o - 2 scrolls of silence {unknown}
 q - 2 scrolls of fog {unknown}
Potions
 d - a potion of might
 f - a potion of cancellation
 l - 2 potions of heal wounds
 n - 2 potions of brilliance {unknown}
 r - 2 potions of magic {unknown}


   Skills:
 + Level 5.4 Fighting
 + Level 6.1 Long Blades
 + Level 6.1 Armour
 + Level 0.7 Dodging
 + Level 4.8 Shields


You had 6 spell levels left.
You didn't know any spells.
Your spell library contained the following spells:

 Spells                   Type           Power      Damage    Failure   Level
 Summon Small Mammal      Summ           0%         N/A       99%         1
 Corpse Rot               Necr/Air       0%         N/A       100%        2
 Poisonous Vapours        Pois/Air       0%         N/A       100%        2
 Call Canine Familiar     Summ           0%         N/A       100%        3
 Conjure Flame            Conj/Fire      0%         6-21      100%        3
 Dazzling Flash           Conj/Hex       0%         N/A       100%        3
 Ignite Poison            Fire/Tmut/Pois 0%         N/A       100%        3
 Summon Guardian Golem    Hex/Summ       0%         N/A       100%        3
 Dispel Undead            Necr           0%         3d6       100%        4
 Iskenderun's Mystic Bla  Conj/Tloc      0%         2d3       100%        4
 Sticky Flame             Conj/Fire      0%         2d3       100%        4
 Death Channel            Necr           0%         N/A       100%        6
 Starburst                Conj/Fire      0%         6d3       100%        6


Dungeon Overview and Level Annotations

Branches:
Dungeon (5/15)
 Temple: D:4-7

Altars:

Shops:
D:4 *

Annotations:
D:5 Duvessa


Innate Abilities, Weirdness & Mutations

You have a pair of horns on your head.
You reflexively headbutt those who attack you in melee.


Message History

You are poisoned.
Dowan hits you with a +0 dagger.
* * * LOW HITPOINT WARNING * * *
Unknown command.
You barely miss Dowan.
Dowan is heavily wounded.
* * * LOW HITPOINT WARNING * * *
You feel very sick. Duvessa hits you but does no damage.
You are more poisoned.
Dowan hits you with a +0 dagger.
* * * LOW HITPOINT WARNING * * *
It was a potion of heal wounds.
You feel much better.
You feel very sick. Duvessa hits you but does no damage.
You are more poisoned.
Dowan closely misses you.
You closely miss Dowan. Your headbutt misses Dowan.
Dowan is heavily wounded.
* * * LOW HITPOINT WARNING * * *
You feel very sick.
Duvessa hits you with a +2 short sword of venom.
* * * LOW HITPOINT WARNING * * *
Dowan hits you but does no damage.
You closely miss Dowan.
Dowan is heavily wounded.
* * * LOW HITPOINT WARNING * * *
You feel very sick.
Duvessa hits you with a +2 short sword of venom.
* * * LOW HITPOINT WARNING * * *
Dowan hits you but does no damage.
You slash Dowan!
You kill Dowan!
Duvessa screams in rage.
Duvessa goes berserk!
* * * LOW HITPOINT WARNING * * *
You feel very sick. Duvessa barely misses you.
Duvessa hits you with a +2 short sword of venom!
You die...

##### ##...## .
##.....##
..#.......#
..........#
#....[@.#
##...)e##
##....# ###.##
###.#### ##
#......# ..#
#.#.##.# ...#
#.#.##>####
##...# .
..##....##....#


You could see Duvessa (berserk).

Vanquished Creatures
  A necrophage (D:4)
  An ogre (D:4)
  A phantom (D:4)
  Dowan (D:5)
  A hound (D:4)
  Ijyb (D:3)
  2 iguanas
  An orc wizard (D:2)
  8 gnolls
  6 adders
  3 dart slugs
  4 orcs
  7 ball pythons
  6 bats
  9 endoplasms
  2 giant cockroaches
  8 hobgoblins
  7 jackals
  4 kobolds
  2 quokkas
  9 frilled lizards
  7 goblins
  12 rats
103 creatures vanquished.

Vanquished Creatures (others)
  11 plants (D:4)
11 creatures vanquished.

Grand Total: 114 creatures vanquished

Notes
Turn   | Place    | Note
-------+----------+-------------------------------------------
     0 | D:1      | Peloso the Minotaur Fighter began the quest for the Orb.
     0 | D:1      | Reached XP level 1. HP: 19/19 MP: 0/0
    50 | D:1      | Found a faded altar of an unknown god.
   355 | D:1      | Reached XP level 2. HP: 27/27 MP: 1/1
   741 | D:2      | Reached XP level 3. HP: 33/33 MP: 2/2
  1190 | D:2      | Reached XP level 4. HP: 27/40 MP: 3/3
  1985 | D:3      | Reached XP level 5. HP: 45/47 MP: 4/4
  2496 | D:4      | Found Nirch's Assorted Antiques.
  2498 | D:4      | Noticed Ijyb
  2607 | D:3      | Killed Ijyb
  2608 | D:3      | Reached skill level 5 in Armour
  3107 | D:4      | Noticed a phantom
  3118 | D:4      | Killed a phantom
  3119 | D:4      | Reached skill level 5 in Long Blades
  3119 | D:4      | Reached XP level 6. HP: 39/53 MP: 5/5
  3507 | D:4      | Reached skill level 5 in Fighting
  3862 | D:4      | Reached XP level 7. HP: 45/61 MP: 6/6
  3966 | D:5      | Entered Level 5 of the Dungeon
  4037 | D:5      | Noticed Duvessa
  4037 | D:5      | Noticed Dowan
  4077 | D:5      | Killed Dowan
  4077 | D:5      | Slain by Duvessa

Illustrated notes

Levels and vault maps discovered:
D:1:      mrwooster_arrival_statue_3, layout_loops_cross,
          shapermc_ecumenical_altar_starsandcircs
D:2:      minmay_thinvault, layout_loops_ring
D:3:      layout_loops_ring, st_stairs_13
D:4:      layout_basic, serial_shops, shop, serial_bayou_lagoon_a,
          minmay_misc_feat_alley, minmay_box_of_dots, uniq_ijyb
D:5:      minmay_general_purpose_star, layout_loops_cross, hangedman_decor_push,
          uniq_duvessa

Skill      XL: |  1  2  3  4  5  6 |
---------------+-------------------+-----
Armour         | 4 5 6 |  6.1
Fighting       | 4 5 |  5.4
Shields        | 4 |  4.8
Long Blades    | 3 5 6 |  6.1
Dodging        | |  0.7

Action                   |  1- 3 |  4- 6 |  7- 9 || total
-------------------------+-------+-------+-------++-------
Melee: Long sword        |    88 |   181 |    23 ||   292
       Headbutt          |    10 |    24 |     3 ||    37
  Use: Scroll            |       |     4 |       ||     4
       Potion            |       |       |     3 ||     3
Armor: Scale mail        |     3 |       |       ||     3
       Chain mail        |    56 |   113 |    11 ||   180
Dodge: Dodged            |    36 |    64 |     4 ||   104
Block: Buckler           |    19 |    47 |    11 ||    77
